cohdb
Replays
Latest Replays
All Replays
Popular Replays
Top Player Replays
Match Explorer
How It Works
Community
CoH3 Stats
Reddit
Sign in to upload your games and track your stats! →
Sign in with Steam
Match 40801576
Unlisted
Match 40801576
Overview
Messages
Build Orders
End
Scout Squad
Construct Barracks
Riflemen Squad
Riflemen Squad
Riflemen Squad
Infantry Support Center
Grenade Package
Construct Medical Station
M1918 Browning Automatic Rifles
Riflemen Squad
Riflemen Squad
Advanced Logistics
Munitions Surplus
Construct Motor Pool
M1 Anti-tank Gun Team
M8 Greyhound Armored Car
M8 Greyhound Armored Car
Engineer Squad
Akkerman
只愛❤毛妹
0
0
Comments
sign in to comment!
No comments posted yet!